 Dungeon Crawl Stone Soup version 0.27-a0-1281-ge233d83751 (webtiles) character file.

Game seed: 17621162656840396256

51 bilbop the Bolt Thrower (level 4, -1/27 HPs)
             Began as a Kobold Hunter on June 13, 2021.
             Slain by Grinder (4 damage)
             ... on level 3 of the Dungeon.
             The game lasted 00:09:08 (2595 turns).

bilbop the Bolt Thrower (Kobold Hunter)             Turns: 2595, Time: 00:09:08

Health: -1/27      AC:  5    Str: 10    XL:     4   Next: 5%
Magic:  4/4        EV: 13    Int: 12    God:
Gold:   126        SH:  0    Dex: 15    Spells: 3/3 levels left

rFire    . . .     SeeInvis .   a - +1 hand crossbow
rCold    . . .     Faith    .   (shield restricted)
rNeg     . . .     Spirit   .   k - +0 ring mail
rPois    .         Reflect  .   (no helmet)
rElec    .         Harm     .   (no cloak)
rCorr    .         Rampage  .   (no gloves)
Will     .....                  (no boots)
Stlth    +++.......             (no amulet)
HPRegen  0.09/turn              (no ring)
MPRegen  0.09/turn              (no ring)

@: no status effects
A: small, no large weapons, nightstalker 3
a: no special abilities


You were on level 3 of the Dungeon.
You visited 1 branch of the dungeon, and saw 3 of its levels.

You collected 126 gold pieces.

Inventory:

Hand Weapons
 a - a +1 hand crossbow (weapon)
 b - a +2 dagger of electrocution
 f - a +0 short sword
 o - a +0 dagger
Missiles
 d - 4 bolts (quivered ammo)
Armour
 c - a +0 leather armour
 k - a +0 ring mail (worn)
Scrolls
 g - a scroll of amnesia {unknown}
 h - a scroll of fear {unknown}
 j - a scroll of teleportation {unknown}
 m - a scroll of enchant weapon {unknown}
 n - a scroll of magic mapping {unknown}
 p - a scroll of vulnerability {unknown}
 r - a scroll of identify {unknown}
 t - a scroll of noise {unknown}
Potions
 e - 2 potions of attraction {unknown}
 i - 2 potions of berserk rage {unknown}
 l - 2 potions of curing {unknown}
 q - a potion of heal wounds {unknown}
 s - a potion of ambrosia {unknown}
 u - a potion of invisibility {unknown}


   Skills:
 + Level 2.8 Fighting
 + Level 1.5 Short Blades
 + Level 5.1 Crossbows
 + Level 3.0 Dodging
 + Level 2.6 Stealth


You had 3 spell levels left.
You didn't know any spells.
Your spell library was empty.

Dungeon Overview and Level Annotations

Branches:
Dungeon (3/15)

Altars:

Annotations:
D:3 Grinder


Innate Abilities, Weirdness & Mutations

You are small and have problems with some larger weapons.
You are completely attuned to the shadows.


Message History

You are too injured to fight recklessly!
Fire: 10 bolts
Press: ? - help, Q - select action Shift-Dir - straight line, f/p - Grinder
Aim: Grinder (heavily wounded, 63% to hit)
You shoot a bolt. The bolt hits Grinder.
Grinder is heavily wounded.
Grinder gestures at you. You resist with significant effort.
Fire: 9 bolts
Press: ? - help, Q - select action Shift-Dir - straight line, f/p - Grinder
Aim: Grinder (heavily wounded, 63% to hit)
You shoot a bolt. The bolt closely misses Grinder.
Grinder blinks!
Grinder says, "DUCK!"
Fire: 8 bolts
Press: ? - help, Q - select action Shift-Dir - straight line, f/p - Grinder
Aim: Grinder (heavily wounded, 63% to hit)
You shoot a bolt.
The bolt hits Grinder but does no damage.
Grinder is heavily wounded.
Grinder gestures at you. You resist with significant effort.
Fire: 7 bolts
Press: ? - help, Q - select action Shift-Dir - straight line, f/p - Grinder
Aim: Grinder (heavily wounded, 63% to hit)
You shoot a bolt. The bolt closely misses Grinder.
Fire: 6 bolts
Press: ? - help, Q - select action Shift-Dir - straight line, f/p - Grinder
Aim: Grinder (heavily wounded, 63% to hit)
You shoot a bolt.
The bolt hits Grinder but does no damage.
Grinder is heavily wounded.
Grinder hits you but does no damage.
Fire: 5 bolts
Press: ? - help, Q - select action Shift-Dir - straight line, f/p - Grinder
Aim: Grinder (heavily wounded, 63% to hit)
You shoot a bolt. The bolt hits Grinder.
Grinder is heavily wounded.
Grinder hits you.
You die...

#.#.# #####.#.#
#......#.###
#..........#
#.....##.#.#
.##.....##.#.#
........##.#.#
#.#........##...#
.(..###@#########
......#5#
.[..(...#
..((..(.#
.(.!.#..#
#......†#
.....|.##
##..#### .>


You could see Grinder.

Vanquished Creatures
  2 dart slugs (D:2)
  5 endoplasms
  A giant cockroach (D:1)
  5 goblins
  3 hobgoblins
  5 jackals
  5 kobolds
  A quokka (D:2)
  4 ball pythons
  A bat (D:1)
  9 frilled lizards
  3 rats (D:2)
44 creatures vanquished.

Vanquished Creatures (others)
  3 plants (D:3)
3 creatures vanquished.

Grand Total: 47 creatures vanquished

Notes
Turn   | Place    | Note
-------+----------+-------------------------------------------
     0 | D:1      | bilbop the Kobold Hunter began the quest for the Orb.
     0 | D:1      | Reached XP level 1. HP: 12/12 MP: 1/1
   134 | D:1      | Reached XP level 2. HP: 18/18 MP: 2/2
   378 | D:1      | Reached skill level 1 in Short Blades
   398 | D:1      | Reached skill level 5 in Crossbows
  1011 | D:2      | Reached XP level 3. HP: 14/22 MP: 3/3
  1631 | D:2      | Found a faded altar of an unknown god.
  2289 | D:3      | Reached XP level 4. HP: 16/27 MP: 4/4
  2571 | D:3      | Noticed Grinder
  2574 | D:3      | Paralysed by Grinder for 5 turns
  2595 | D:3      | Slain by Grinder

Illustrated notes

Levels and vault maps discovered:
D:1:      lightli_molten_gateway, layout_basic, st_stairs_13
D:2:      layout_loops_ring, hellmonk_ecumenical_altar_prayer_group
D:3:      layout_basic, minmay_lizard_king, uniq_grinder

Skill      XL: |  1  2  3 |
---------------+----------+-----
Short Blades   | 1 |  1.5
Crossbows      | 5 |  5.1
Stealth        | 2 |  2.6
Dodging        | 3 |  3.0
Fighting       | |  2.8

Action                   |  1- 3 |  4- 6 || total
-------------------------+-------+-------++-------
Melee: Dagger            |    73 |     8 ||    81
 Fire: Hand crossbow     |    51 |    10 ||    61
 Stab: Sleeping          |     1 |       ||     1
Armor: Ring mail         |    21 |     4 ||    25
       Leather armour    |     6 |       ||     6
Dodge: Dodged            |    51 |     4 ||    55

Table legend: (Time is in decaauts)
 A = Elapsed time spent in this place.
 B = Non-inter-level travel time spent in this place.
 C = Inter-level travel time spent in this place.
 D = Time resting spent in this place.
 E = Time spent auto-exploring this place.
 F = Levels seen in this place.
 G = Mean time per level.
                   A        B        C        D        E       F      G
               +--------+--------+--------+--------+--------+-----+--------+
         Total |   2594 |   2539 |     55 |    109 |   2139 |   3 |  864.7 |
       Dungeon |   2594 |   2539 |     55 |    109 |   2139 |   3 |  864.7 |
               +--------+--------+--------+--------+--------+-----+--------+

Top non-repeatable levels by time:
     D:2: 1217 daAuts
     D:1: 961 daAuts
     D:3: 416 daAuts
